Map: [ESL] Hardwire

Players

Dark

  • Race: Zerg Zerg

Serral - Winner!

  • Race: Zerg Zerg

Event: IEM Katowice 2022

VOD

Have the link to the VOD?

Description

Time

  • Played on: Feb. 24, 2022, 11:18 a.m.
  • Length: 13:26

All games in this series

Show
View Real Time Build Order
Export as new Build Order

Dark Zerg 

Build Orders: Hatch First, Zergling Baneling 

Get SALT Encoding   

  12  0:00  Drone  
  13  0:12  Overlord  
  13  0:17  Drone  
  14  0:30  Drone x2  
  16  0:48  Hatchery  
  15  0:51  Drone  
  15  0:55  Drone  
  17  0:58  Drone  
  18  1:10  Extractor  
  17  1:13  Spawning Pool  
  17  1:16  Drone  
  17  1:19  Drone  
  18  1:28  Drone  
  19  1:39  Drone  
  20  1:49  Drone  
  21  1:59  Queen  
  21  2:01  Drone, Queen  
  26  2:02  Zergling x2  
  27  2:11  Drone, Overlord  
  27  2:14  Metabolic Boost  
  29  2:30  Drone x2  
  29  2:33  Drone x2  
  32  2:38  Hatchery  
  31  2:44  Queen  
  33  2:52  Baneling Nest  
  33  2:55  Overlord  
  32  2:59  Zergling x2  
  32  3:01  Drone  
  32  3:03  Zergling x2  
  35  3:09  Drone  
  36  3:18  Zergling x10  
  41  3:20  Zergling x2  
  41  3:22  Zergling x2  
  42  3:28  Zergling x4  
  43  3:35  Baneling  
  43  3:43  Overlord  
  43  3:46  Overlord  
  43  3:49  Baneling x2, Overlord  
  43  3:53  Baneling x2  
  43  3:54  Zergling x8  
  47  4:00  Zergling x4  
  49  4:04  Zergling x2  
  49  4:08  Zergling x8  
  54  4:10  Baneling x2  
  54  4:12  Drone  
  55  4:21  Drone x2  
  56  4:26  Baneling x2  
  56  4:31  Zergling x4  
  56  4:32  Drone  
  52  4:39  Drone  
  52  4:40  Drone x2  
  52  4:41  Baneling x2  
  52  4:42  Zergling x4  
  52  4:43  Overlord, Zergling x2  
  57  4:48  Drone  
  57  4:49  Evolution Chamber  
  57  4:51  Drone  
  57  4:52  Baneling x2  
  57  5:03  Zergling x8  
  57  5:04  Baneling  
  57  5:05  Drone x2  
  62  5:08  Drone x2  
  62  5:21  Zergling x4  
  63  5:22  Roach Warren  
  63  5:23  Drone  
  63  5:24  Drone  
  63  5:25  Drone  
  63  5:26  Drone x2  
  63  5:27  Drone  
  69  5:28  Drone  
  69  5:32  Baneling x2  
  69  5:35  Zergling x4  
  68  5:44  Zergling x2  
  68  5:49  Drone x2  
  68  5:50  Extractor x2  
  68  5:53  Zergling x14  
  68  5:54  Drone  
  73  6:01  Drone x3  
  76  6:05  Zerg Missile Weapons Level 1, Overlord  
  76  6:07  Overlord  
  76  6:10  Overlord  
  76  6:11  Drone x2  
  78  6:17  Lair  
  78  6:20  Extractor  
  78  6:21  Drone x2  
  78  6:22  Overlord x2  
  78  6:23  Drone x2  
  83  6:25  Roach  
  83  6:27  Roach  
  83  6:28  Roach  
  86  6:34  Roach x3  
  86  6:39  Roach x2  
  94  6:43  Roach  
  94  6:46  Roach  
  98  6:47  Overlord  
  98  6:48  Roach  
  100  6:54  Spine Crawler  
  100  6:56  Roach x2  
  100  6:58  Spine Crawler  
  100  6:59  Drone  
  100  7:00  Drone  
  104  7:01  Drone x2  
  104  7:09  Baneling x2  
  104  7:10  Drone x5  
  104  7:11  Drone  
  111  7:15  Drone x2  
  111  7:16  Glial Reconstitution  
  111  7:19  Drone  
  111  7:20  Overseer  
  113  7:25  Extractor x2  
  110  7:32  Drone x2, Roach x2  
  110  7:35  Drone, Roach  
  119  7:38  Drone x2  
  119  7:40  Roach  
  119  7:43  Roach  
  125  7:47  Roach x2  
  129  7:51  Hatchery  
  129  7:52  Evolution Chamber  
  125  8:00  Overlord, Zerg Missile Weapons Level 2  
  127  8:07  Overlord x2  
  127  8:08  Roach  
  127  8:11  Overlord x2  
  129  8:18  Zerg Ground Armor Level 1  
  129  8:19  Roach  
  131  8:23  Roach x3  
  131  8:26  Roach  
  131  8:27  Roach x4  
  147  8:32  Roach x2  
  153  8:34  Roach x2  
  153  8:38  Ravager x4  
  153  8:39  Overlord  
  153  8:40  Roach  
  159  8:43  Roach x2  
  159  8:44  Roach  
  167  8:48  Roach  
  167  8:49  Roach  
  167  8:52  Overlord  
  167  8:53  Overlord  
  169  9:00  Roach  
  169  9:02  Overseer  
  171  9:03  Roach x4  
  171  9:06  Roach  
  171  9:07  Overseer  
  171  9:08  Ravager x2  
  171  9:09  Overlord  
  183  9:15  Roach x4  
  191  9:19  Roach x3  
  191  9:21  Roach  
  199  9:37  Spore Crawler x2, Hydralisk Den  
  199  9:38  Spore Crawler  
  195  9:39  Spore Crawler, Drone x4  
  200  9:45  Roach  
  192  9:53  Roach  
  192  9:59  Roach x10  
  199  10:02  Roach  
  199  10:04  Roach x2  
  199  10:06  Roach  
  181  10:07  Roach  
  181  10:09  Roach  
  181  10:11  Grooved Spines  
  168  10:17  Drone x3  
  168  10:20  Spore Crawler  
  160  10:24  Hydralisk x3  
  165  10:32  Ravager x3  
  165  10:33  Ravager  
  165  10:34  Drone x5  
  174  10:41  Overlord  
  174  10:49  Roach x4  
  175  10:53  Overlord x2  
  175  10:59  Lurker Den  
  168  11:04  Roach x3  
  174  11:12  Roach x6  
  186  11:19  Roach  
  186  11:20  Overlord, Roach  
  186  11:22  Overlord  
  190  11:27  Overlord  
  190  11:29  Extractor  
  189  11:34  Overlord  
  189  11:39  Infestation Pit  
  188  11:41  Roach x3  
  188  11:46  Extractor  
  189  11:56  Roach  
  189  11:57  Roach x4  
  189  11:59  Roach x5  
  187  12:04  Roach  
  187  12:06  Roach x6  
  170  12:11  Roach x2  
  170  12:15  Roach x2  
  145  12:17  Roach  
  145  12:21  Roach  
  139  12:24  Roach  
  139  12:25  Roach  
  137  12:31  Roach x2  
  137  12:34  Hydralisk  
  137  12:35  Hydralisk  
  139  12:46  Hydralisk x2  
  139  12:48  Overlord  
  143  12:57  Roach x4  
Show
View Real Time Build Order
Export as new Build Order

Serral Zerg - Winner!

Build Orders: Hatch First, Zergling Baneling 

Get SALT Encoding   

  12  0:00  Drone  
  13  0:12  Overlord  
  13  0:16  Drone  
  14  0:30  Drone x2  
  16  0:47  Hatchery  
  15  0:50  Drone  
  15  0:54  Drone  
  17  0:57  Drone  
  18  1:05  Extractor  
  17  1:12  Spawning Pool  
  17  1:16  Drone  
  17  1:19  Drone  
  18  1:28  Drone  
  19  1:38  Drone  
  20  1:57  Drone  
  20  1:59  Queen x2  
  20  2:00  Overlord, Zergling x2  
  26  2:05  Metabolic Boost  
  26  2:11  Drone  
  26  2:12  Drone  
  28  2:21  Drone x2  
  30  2:32  Zergling x4  
  32  2:37  Hatchery  
  32  2:43  Drone  
  32  2:44  Overlord  
  32  2:53  Drone x2  
  34  3:03  Zergling x2  
  35  3:06  Zergling x12  
  35  3:10  Zergling x2  
  42  3:17  Baneling Nest  
  41  3:22  Drone, Overlord  
  41  3:24  Queen  
  44  3:33  Overlord  
  44  3:40  Zergling x2  
  45  3:41  Drone x4  
  45  3:45  Drone x2  
  45  3:46  Drone  
  51  3:50  Zergling x2  
  51  3:54  Zergling x4  
  54  3:55  Drone  
  54  4:01  Baneling x2  
  54  4:02  Drone  
  56  4:05  Drone  
  56  4:06  Drone  
  56  4:07  Evolution Chamber  
  57  4:11  Baneling  
  57  4:12  Baneling  
  57  4:18  Baneling x2  
  57  4:20  Baneling  
  57  4:21  Zergling x4  
  57  4:23  Drone x2  
  59  4:25  Roach Warren, Extractor  
  59  4:26  Drone x2  
  57  4:32  Zergling x4  
  57  4:36  Baneling x2  
  56  4:39  Zergling x4  
  56  4:41  Baneling x2  
  56  4:43  Queen  
  60  4:46  Zergling x4  
  60  4:49  Queen  
  64  4:54  Queen  
  65  5:04  Zergling x2  
  64  5:14  Overlord x2  
  64  5:21  Roach  
  65  5:23  Overlord x2  
  65  5:26  Overlord  
  65  5:28  Baneling  
  65  5:29  Baneling  
  65  5:33  Roach x4  
  72  5:45  Drone x3  
  72  5:46  Drone  
  77  5:57  Queen  
  77  6:03  Baneling x2  
  78  6:06  Zerg Missile Weapons Level 1  
  78  6:07  Extractor  
  78  6:11  Overlord  
  73  6:12  Drone x3  
  73  6:14  Drone x3  
  79  6:19  Roach x3  
  79  6:23  Lair  
  85  6:30  Baneling x2  
  83  6:36  Drone x10  
  83  6:38  Drone  
  94  6:44  Baneling x2, Overlord  
  94  6:48  Drone x4  
  100  6:54  Roach, Extractor  
  100  6:55  Extractor  
  100  6:57  Roach  
  100  7:08  Roach x5  
  108  7:13  Overlord  
  108  7:14  Roach x4  
  114  7:17  Overlord x3  
  114  7:26  Overlord  
  114  7:28  Overseer  
  109  7:35  Glial Reconstitution  
  109  7:37  Drone x3  
  109  7:41  Drone x4  
  109  7:42  Drone x5  
  121  7:46  Extractor, Spire  
  121  7:49  Overlord  
  121  7:50  Roach  
  121  7:56  Roach  
  122  8:00  Overlord  
  122  8:04  Drone  
  122  8:05  Drone, Zerg Missile Weapons Level 2  
  124  8:09  Overlord  
  124  8:10  Roach x2  
  124  8:11  Roach x2  
  124  8:12  Hatchery  
  131  8:13  Overlord  
  131  8:14  Pneumatized Carapace  
  131  8:17  Overlord  
  131  8:22  Roach x3  
  137  8:30  Roach x3  
  137  8:32  Overlord  
  137  8:33  Overlord  
  143  8:49  Overlord  
  143  8:59  Mutalisk x2  
  143  9:00  Mutalisk x4  
  155  9:04  Roach x5  
  165  9:10  Mutalisk  
  165  9:12  Drone x5  
  172  9:21  Roach x4  
  180  9:24  Queen  
  180  9:27  Overlord  
  180  9:28  Roach x2  
  180  9:31  Overlord  
  186  9:32  Roach  
  186  9:33  Roach x2  
  186  9:34  Ravager x2  
  194  9:41  Ravager  
  195  9:46  Roach x2  
  194  9:55  Roach x7  
  196  10:03  Roach x6  
  181  10:14  Hatchery, Roach x3  
  185  10:22  Zerg Ground Armor Level 1  
  185  10:28  Centrifugal Hooks  
  180  10:33  Roach x5  
  189  10:39  Roach x4  
  197  10:48  Roach x3  
  197  10:54  Zergling x12  
  197  10:56  Roach x2  
  197  10:58  Zergling x6  
  197  11:02  Zergling x2  
  197  11:03  Zergling x6  
  200  11:11  Ravager x2  
  200  11:13  Baneling x11  
  200  11:21  Ravager x2  
  200  11:23  Baneling x8  
  200  11:29  Baneling x4  
  200  11:33  Baneling x2  
  200  11:34  Baneling  
  200  12:00  Roach x6  
  180  12:12  Roach x17  
  190  12:19  Roach x5  
  194  12:29  Roach x6  
  196  12:38  Extractor  
  196  12:41  Drone x5, Extractor  
  196  12:42  Drone  
  188  12:58  Roach  
  188  12:59  Roach x6  
  188  13:00  Roach  

Tags
 
Add a new tag
Caveats
  • Supply blocks, unpowered buildings, or Contaminate may cause inaccurate times.
  • Supply counts are checked every 10 seconds.